 Dungeon Crawl Stone Soup version 0.32-a0-711-g016ad743e0 (webtiles) character file.

Game seed: 16011096247142441712

53 Ruich the Shooter (level 3, -3/30 HPs)
             Began as a Demigod Hunter on Mar 16, 2024.
             Slain by a cerulean imp
             ... wielding a +1 spear
             ... summoned by Natasha
              (4 damage)
             ... on level 2 of the Dungeon.
             The game lasted 00:04:25 (1174 turns).

Ruich the Shooter (Demigod Hunter)                  Turns: 1174, Time: 00:04:26

Health: -3/30      AC:  5    Str:  9    XL:     3   Next: 41%
Magic:  3/5        EV: 11    Int: 14    God:
Gold:   47         SH:  0    Dex: 21    Spells: 1/2 levels left

rFire   + + .        a - +0 shortbow
rCold   + . .        (shield currently unavailable)
rNeg    . . .        o - +0 leather armour of the Lonely Demons {rF++ Str-3 Int+3}
rPois   .            (no helmet)
rElec   .            (no cloak)
rCorr   .            j - +0 pair of gloves
SInv    .            g - +0 pair of boots
Will    .....        (no amulet)
Stlth   ++           k - ring of protection from cold
HPRegen 0.25/turn    (no ring)
MPRegen 0.09/turn

%: no passive effects
@: slowed, very slow
A: high MP 1, forlorn, divine attributes
a: no special abilities


You were on level 2 of the Dungeon.
You visited 1 branch of the dungeon, and saw 2 of its levels.

You collected 47 gold pieces.


Innate Abilities, Weirdness & Mutations

You have an increased reservoir of magic. (+10% MP)
You shall have no god before yourself.
Your divine heritage dramatically boosts your attributes as you level up.


   Skills:
 + Level 2.4 Fighting
 * Level 4.4 Ranged Weapons
 - Level 1.7 Dodging
 - Level 0.8 Stealth
 + Level 0.8 Summonings


You had one spell level left.
You knew the following spells:

 Your Spells              Type           Power      Damage    Failure   Level
z - Summon Small Mammal   Summ           8%         N/A       28%         1

Your spell library contained the following spells:

 Spells                   Type           Power      Damage    Failure   Level
 Call Canine Familiar     Summ           2%         N/A       65%         3
 Sigil of Binding         Hex            0%         N/A       77%         3
 Summon Blazeheart Golem  Fire/Summ      1%         N/A       98%         4
 Dimensional Bullseye     Hex/Tloc       0%         N/A       99%         4

Inventory:

Hand Weapons
 a - a +0 shortbow (weapon)
Missiles
 s - 2 datura-tipped darts (quivered)
Armour
 c - a +0 leather armour
 g - a +0 pair of boots (worn)
 j - a +0 pair of gloves (worn)
 o - the +0 leather armour of the Lonely Demons (worn) {rF++ Str-3 Int+3}
   (You found it on level 2 of the Dungeon)

   Str-3:     It affects your strength (-3).
   Int+3:     It affects your intelligence (+3).
   rF++:      It greatly protects you from fire.
Jewellery
 k - a ring of protection from cold (left hand)
Scrolls
 d - 2 scrolls of teleportation {unknown}
 i - a scroll of blinking {unknown}
 m - 3 scrolls of identify {unknown}
 p - 3 scrolls of enchant armour {unknown}
Potions
 e - a potion of lignification {unknown}
 f - a potion of degeneration {unknown}
 h - a potion of curing {unknown}
 l - a potion of attraction {unknown}
 n - a potion of haste {unknown}
 q - a potion of mutation {unknown}
 r - a potion of might {unknown}

Dungeon Overview and Level Annotations

Branches:
Dungeon (2/15) Zot: 10796

Annotations:
D:1 1 runed translucent door
D:2 Natasha

###### #####.#
......##########
##.....#........#
#......#.######.#
#......#.# #.# #
#<....##.# #.# #
##..b.##.# #.# #
.. ##.#.##.#
#.###### ####
#.##.#@##.#
#....r.. b.b###
#).....h5.###
######## bb..b#
####..r.5...#
bbb#.## ###.####.#
##.)bb#.########.#
#.#
##bb#.#..........#
#5#
##.b#b############
#.#
.b..#.b.b######
#.# ######
....####bbb...#
#.# ......


You could see Natasha (ally target), 2 cerulean imps, a friendly bat (summoned)
and a friendly rat (summoned).


Message History

You resist with some effort. Natasha claws your bat!
Your bat dies!
Your bat's corpse disappears in a puff of smoke!
Casting: Summon Small Mammal (safe; 28% risk of failure)
Confirm with . or Enter, or press ? or * to list all spells.
Natasha closely misses you.
Natasha casts a spell.
Natasha closely misses your bat. Natasha claws your bat.
Your bat dies!
Your bat's corpse disappears in a puff of smoke!
Natasha stares at you and mumbles some strange words.
* * * LOW HITPOINT WARNING * * *
Natasha stares at you and mumbles some strange words.
You feel as though you will be slow longer.
Natasha mumbles some strange words.
Casting: Summon Small Mammal (safe; 28% risk of failure)
Confirm with . or Enter, or press ? or * to list all spells.
Natasha claws you!
* * * LOW HITPOINT WARNING * * *
x2 The cerulean imp misses you.
Unknown command.
Casting: Summon Small Mammal (safe; 28% risk of failure)
Confirm with . or Enter, or press ? or * to list all spells.
Natasha claws you but does no damage.
* * * LOW HITPOINT WARNING * * *
The cerulean imp barely misses you. Natasha claws you but does no damage.
* * * LOW HITPOINT WARNING * * *
You die...

Skill      XL: |  1  2 |
---------------+-------+-----
Fighting       | 2 |  2.4
Ranged Weapons | 4 |  4.4
Dodging        | |  1.7
Stealth        | |  0.8
Summonings     | |  0.8

Action                     || total
---------------------------++-------
   Fire: Shortbow          ||    93
  Throw: Dart              ||     1
   Cast: Summon Small Mamm ||    11
    Use: Scroll            ||     1
 Armour: Leather armour    ||    44
  Dodge: Dodged            ||    37

Levels and vault maps discovered:
D:1:      dpeg_arrival_caged_fury, layout_basic, minivault_5
D:2:      layout_loops_ring, basic_ecumenical_altar, chequers_jeans,
          uniq_natasha

Notes
Turn   | Place    | Note
-------+----------+-------------------------------------------
     0 | D:1      | Ruich the Demigod Hunter began the quest for the Orb.
     0 | D:1      | Reached XP level 1. HP: 17/17 MP: 3/3
     1 | D:1      | Found a runed translucent door.
   167 | D:1      | Reached skill level 2 in Fighting
   294 | D:1      | Reached XP level 2. HP: 24/24 MP: 4/4
   298 | D:1      | Reached skill level 4 in Ranged Weapons
   401 | D:1      | Learned a level 1 spell: Summon Small Mammal
   750 | D:2      | Identified the +0 leather armour of the Lonely Demons {rF++
                  | Str-3 Int+3}
   911 | D:2      | Noticed Natasha
   917 | D:2      | Killed Natasha
   918 | D:2      | Reached XP level 3. HP: 16/30 MP: 5/5
  1090 | D:2      | Noticed Natasha
  1110 | D:2      | HP: 2/30 [Natasha (4)]
  1174 | D:2      | HP: 3/30 [cerulean imp/+1 spear[Natasha] (3)]
  1174 | D:2      | HP: 1/30 [cerulean imp/+1 spear[Natasha] (2)]
  1174 | D:2      | Slain by a cerulean imp

Vanquished Creatures
  Natasha (D:2)
  5 ball pythons (D:1)
  A giant cockroach (D:1)
  A quokka (D:2)
  4 bats (D:1)
  3 goblins
  4 kobolds (D:1)
  4 rats
23 creatures vanquished.

Vanquished Creatures (collateral kills)
  A ribbon worm (D:2)
  A quokka (D:2)
2 creatures vanquished.

Grand Total: 25 creatures vanquished

Table legend: (Time is in decaauts)
 A = Elapsed time spent in this place.
 B = Non-inter-level travel time spent in this place.
 C = Inter-level travel time spent in this place.
 D = Time resting spent in this place.
 E = Time spent auto-exploring this place.
 F = Levels seen in this place.
 G = Mean time per level.
                   A        B        C        D        E       F      G
               +--------+--------+--------+--------+--------+-----+--------+
         Total |   1202 |   1196 |      6 |     83 |    743 |   2 |  601.0 |
       Dungeon |   1202 |   1196 |      6 |     83 |    743 |   2 |  601.0 |
               +--------+--------+--------+--------+--------+-----+--------+

Top non-repeatable levels by time:
     D:1: 752 daAuts
     D:2: 449 daAuts

Table legend:
 A = Non-vault XP
 B = Vault XP
 C = Vault XP percentage of total XP
 D = Non-vault monster count
 E = Vault monster count
 F = Vault count percentage of total count
                 A         B        C        D         E       F
            +---------+---------+-------+---------+---------+-------
      Total |      40 |      36 |  47.4 |      24 |       1 |   4.0
            +---------+---------+-------+---------+---------+-------
        D:1 |      25 |       0 |   0.0 |      17 |       0 |   0.0
        D:2 |      15 |      36 |  70.6 |       7 |       1 |  12.5
            +---------+---------+-------+---------+---------+-------
